Cogmind - Beta 16 @@@ ROGUE MODE // 2025.11.08 @ 23:52:17 Player: FR-13D Result: Destroyed by Y-64 Sentinel with Wave Gun Performance ------------- Evolutions (5) 2500 Regions Visited (19) 3800 Robots Destroyed (77) 385 Value Destroyed (2722) 2722 Prototype IDs (39) 780 Alien Tech Used (0) 0 Bonus (5762) 5762 TOTAL SCORE: 15949 Bonus ------- High Alert Combat Kills 771 Follower Combat Kills 3388 Network Hubs Disabled 400 Aligned with FarCom 300 Met Data Miner 300 Built Enhanced Grunts 300 Met R17 at Cetus 500 Friendly Fire -197 Cogmind --------- Core Integrity 0/1000 Matter 466/550 Energy 325/325 System Corruption 7% Temperature Cool (9) Movement Treading (158) Location -5/Hub_04(d) Parts ------- > --- POWER (3) -------- Antimatter Reactor > --- PROPULSION (4) --- Armored Treads Advanced Treads Medium Treads Medium Treads > --- UTILITY (7) ------ Large Storage Unit Matter Compressor Structural Scanner Enhanced Optical Array Improved Transmission Jammer > --- WEAPON (3) ------- Power Sword Heavy Pick > --- INVENTORY (15) --- Fission Core Neutrino Core Heavy Treads Flexi-carbon Leg Advanced VSS Leg Linear Gravjet Peak State ------------ > --- POWER ------------ Angular Momentum Engine Neutrino Core Quantum Reactor > --- PROPULSION ------- Heavy Treads Centrium Heavy Treads > --- UTILITY ---------- Large Storage Unit Enhanced Optical Array Improved Sensor Array Improved Signal Interpreter Improved Transmission Jammer Advanced ECM Suite Centrium Medium Armor Plating > --- WEAPON ----------- Heavy Assault Cannon Field Lobotomy Kit > --- INVENTORY -------- Fission Core Neutrino Core Armored Treads Advanced Treads Medium Treads Medium Treads Heavy Treads Matter Compressor Structural Scanner Focal Shield Heavy Assault Cannon Long-range Missile Launcher Power Sword [Rating: 103] Favorites ----------- Power Heavy Ion Engine Engine Heavy Ion Engine Power Core Fission Core Reactor Quantum Reactor Propulsion Light Treads Treads Light Treads Leg Aluminum Leg Wheel Wheel Utility Improved Signal Interpreter Device Improved Sensor Array Storage Large Storage Unit Processor Improved Signal Interpreter Protection Light Armor Plating Weapon Heavy Assault Cannon Energy Gun EM Pulse Gun Ballistic Gun Assault Rifle Ballistic Cannon Heavy Assault Cannon Launcher Long-range Missile Launcher Special Weapon Field Lobotomy Kit Slashing Weapon Power Sword Piercing Weapon Heavy Pick Build | -11 -10 -10 -10 -9 -8 -8 -8 -6 -6 -6 -6 -6 -6 -5 -5 -5 -5 -5 -5 ------- Run | Yrd Mat Min Exi Min Mat Sto Rec Fac Was Fac Low Low Dat Pro Fac Ext Cet Arc Hub Slots Evolved 10 | . . . . . 4 . . 4 . . . . . . 2 . . . . Power 2 | . . . . . 1 . . . . . . . . . 1 . . . . Propulsion 2 | . . . . . 1 . . 1 . . . . . . . . . . . Utility 5 | . . . . . 2 . . 2 . . . . . . 1 . . . . Weapon 1 | . . . . . . . . 1 . . . . . . . . . . . Parts Attached 67 | 8 8 1 1 . 12 4 . 5 . 3 . . . 2 4 4 5 . 10 Power 10 | 1 1 . . . 1 1 . 1 . . . . . . 1 1 1 . 2 Engine 4 | 1 1 . . . . 1 . . . . . . . . 1 . . . . Core 4 | . . . . . 1 . . 1 . . . . . . . 1 . . 1 Reactor 2 | . . . . . . . . . . . . . . . . . 1 . 1 Propulsion 18 | 2 4 . . . 1 3 . 2 . 1 . . . . 1 1 1 . 2 Treads 14 | . 2 . . . 1 3 . 2 . 1 . . . . 1 1 1 . 2 Leg 2 | 2 . . . . . . . . . . . . . . . . . . . Wheel 2 | . 2 . . . . . . . . . . . . . . . . . . Hover . | . . . . . . . . . . . . . . . . . . . . Flight . | . . . . . . . . . . . . . . . . . . . . Utility 22 | 2 . . 1 . 5 . . 2 . 1 . . . 1 2 . 3 . 5 Device 12 | 1 . . . . 3 . . . . . . . . . 2 . 2 . 4 Storage 4 | 1 . . 1 . 1 . . . . . . . . . . . . . 1 Processor 3 | . . . . . 1 . . 1 . 1 . . . . . . . . . Hackware . | . . . . . . . . . . . . . . . . . . . . Protection 3 | . . . . . . . . 1 . . . . . 1 . . 1 . . Artifact . | . . . . . . . . . . . . . . . . . . . . Weapon 17 | 3 3 1 . . 5 . . . . 1 . . . 1 . 2 . . 1 Energy Gun 2 | 2 . . . . . . . . . . . . . . . . . . . Energy Cannon . | . . . . . . . . . . . . . . . . . . . . Ballistic Gun 1 | 1 . . . . . . . . . . . . . . . . . . . Ballistic Cannon 5 | . 2 . . . 2 . . . . . . . . . . 1 . . . Launcher 3 | . . 1 . . 1 . . . . . . . . 1 . . . . . Special Weapon 2 | . 1 . . . . . . . . . . . . . . 1 . . . Impact Weapon . | . . . . . . . . . . . . . . . . . . . . Slashing Weapon 3 | . . . . . 2 . . . . 1 . . . . . . . . . Piercing Weapon 1 | . . . . . . . . . . . . . . . . . . . 1 Special Melee Weapon . | . . . . . . . . . . . . . . . . . . . . Unidentified Prototypes 3 | . . . . . . 1 . . . . . . . . . . 2 . . Parts Lost 16 | . . . . . . . . . . . . . . . 1 . . . 15 Power 3 | . . . . . . . . . . . . . . . . . . . 3 Propulsion 2 | . . . . . . . . . . . . . . . . . . . 2 Utility 8 | . . . . . . . . . . . . . . . 1 . . . 7 Weapon 3 | . . . . . . . . . . . . . . . . . . . 3 Highest Loss Streak 5 | . . . . . . . . . . . . . . . 1 . . . 5 To Critical Strikes . | . . . . . . . . . . . . . . . . . . . . Average Backups 11 | 2 7 8 8 8 7 11 13 10 12 12 13 13 13 13 11 13 13 13 12 Power . | . 1 1 1 1 . . . . 1 . 1 1 1 1 . . 1 2 2 Propulsion 2 | . . . . . . 1 3 1 2 2 2 2 2 2 2 3 4 5 4 Utility 3 | . 3 3 3 3 1 3 4 2 3 4 5 5 5 5 4 5 3 3 2 Weapon 3 | 1 3 4 3 3 4 5 5 4 5 4 4 4 4 4 4 3 2 2 1 Tool/Special . | . . . . . . . . . . . . . . . . . . . . Unused Backups 16 | . 2 . . . 1 1 1 . . 4 . . . 1 . 1 1 . 4 Power 3 | . 1 . . . . . . . . 1 . . . . . . . . 1 Propulsion 7 | . . . . . . . 1 . . . . . . 1 . 1 1 . 3 Utility 5 | . 1 . . . 1 1 . . . 2 . . . . . . . . . Weapon 1 | . . . . . . . . . . 1 . . . . . . . . . Tool/Special . | . . . . . . . . . . . . . . . . . . . . Average Slot Usage (%) 89 | . 100 100 100 100 85 90 90 89 93 92 93 93 93 93 90 87 81 82 72 Engine 8 | . 14 14 14 14 9 16 18 8 6 6 6 6 6 6 10 8 5 5 3 Core 4 | . . . . . 8 1 . 1 6 6 6 6 6 6 5 7 5 5 4 Reactor 1 | . . . . . . . . . . . . . . . . . 4 5 5 Treads 20 | . 2 28 28 28 21 27 27 26 26 26 26 26 26 26 20 16 10 11 11 Leg 1 | . 21 . . . . . . . . . . . . . . . . . . Device 15 | . 14 14 14 14 18 18 18 13 13 13 13 13 13 13 15 17 17 17 15 Storage 7 | . 14 14 14 14 9 9 9 6 6 6 6 6 6 6 5 5 5 5 5 Processor 9 | . . . . . 8 9 9 12 13 12 13 13 13 13 11 11 11 11 8 Protection 3 | . . . . . . . . 5 6 6 6 6 6 6 5 5 5 5 3 Ballistic Cannon 8 | . 11 26 28 28 8 9 9 6 6 6 6 6 6 6 5 5 5 5 3 Slashing Weapon 3 | . . . . . . . . 5 6 5 6 6 6 5 1 4 4 5 4 Peak Build Rating 103 | 7 8 8 8 8 25 25 26 40 40 47 47 47 47 50 67 77 103 98 100 Average Rating 47 | 4 7 8 7 8 22 25 25 36 40 45 47 47 47 48 60 68 93 98 87 On Entrance 38 | . 7 8 8 8 8 25 25 26 40 40 47 47 47 47 50 67 77 98 98 Avg Prop Armor Cover (%) 4 | . 4 . . . . . . . . . . . . . . . . . . Naked Turns . | . . . . . . . . . . . . . . . . . . . . Heaviest Build 99 | 15 17 17 22 22 44 47 47 57 57 58 58 58 58 63 78 84 99 94 94 Greatest Support 150 | 20 40 40 40 40 63 63 63 83 83 85 85 85 85 85 112 140 150 150 150 Greatest Overweight (x) 1 | . 1 . . . . . . . . . . . . . 1 . 1 . . Average Overweight (x) . | . . . . . . . . . . . . . . . . . . . . Largest Inventory Capacity 15 | 8 8 8 10 10 15 15 15 15 15 15 15 15 15 15 15 15 15 15 15 Average Capacity 13 | 5 8 8 8 10 10 15 15 15 15 15 15 15 15 15 15 15 15 15 15 Most Carried 15 | 4 8 8 8 8 11 15 15 15 14 15 15 15 15 15 15 15 15 15 15 Average Carried 12 | 2 7 8 7 8 9 13 14 12 14 14 15 15 15 15 13 14 14 15 13 Final Capacity 15 | 8 8 8 10 10 15 15 15 15 15 15 15 15 15 15 15 15 15 15 15 Final Carried 15 | 4 8 8 8 8 11 15 15 14 14 15 15 15 15 15 15 15 15 15 7 Class Distribution -------------------- 28% | Assassin 18% | Commander-Assassin 17% | Mutant 11% | Skirmisher 8% | Scavenger-Skirmisher 6% | Scavenger-Assassin 4% | Infiltrator-Assassin Dominant Class ---------------- Mutant | -10/Materials Mutant | -10/Mines Mutant | -10/Exiles Mutant | -9/Mines Scavenger-Skirmisher | -8/Materials Skirmisher | -8/Storage Skirmisher | -8/Recycling Scavenger-Assassin | -6/Factory Scavenger-Assassin | -6/Waste Assassin | -6/Factory Assassin | -6/Lower Caves Assassin | -6/Lower Caves Assassin | -6/Data Miner Assassin | -5/Proximity Caves Infiltrator-Skirmisher | -5/Factory Commander-Assassin | -5/Extension Commander-Assassin | -5/Cetus Commander-Assassin | -5/Archives Commander-Assassin | -5/Hub_04(d) Resources | -11 -10 -10 -10 -9 -8 -8 -8 -6 -6 -6 -6 -6 -6 -5 -5 -5 -5 -5 -5 ----------- Run | Yrd Mat Min Exi Min Mat Sto Rec Fac Was Fac Low Low Dat Pro Fac Ext Cet Arc Hub Matter Collected 3274 | 364 270 20 10 10 196 296 152 . . 21 114 213 . 75 . 305 468 40 720 Remotely . | . . . . . . . . . . . . . . . . . . . . Salvage Created 2811 | 147 340 20 . . 190 176 160 . . . . . . 29 269 465 . . 1015 Parts 146 | 10 20 5 . . 9 13 14 . . . . . . 4 12 18 . . 41 Haulers Intercepted 5 | . 2 . . . . 1 . . . . . . . . . 1 . . 1 Recyclers Shooed 3 | 2 . . . . . . 1 . . . . . . . . . . . . Parts Field Recycled . | . . . . . . . . . . . . . . . . . . . . Retrieved Matter . | . . . . . . . . . . . . . . . . . . . . Parts Self-Destructed 33 | . . . . . . . . . . . 12 2 . 19 . . . . . Prevented 1 | . . . . . . . . . . . 1 . . . . . . . . Parts Restored . | . . . . . . . . . . . . . . . . . . . . Kills | -11 -10 -10 -10 -9 -8 -8 -8 -6 -6 -6 -6 -6 -6 -5 -5 -5 -5 -5 -5 ------- Run | Yrd Mat Min Exi Min Mat Sto Rec Fac Was Fac Low Low Dat Pro Fac Ext Cet Arc Hub Combat Hostiles Destroyed 49 | . 6 3 . . 8 4 1 . . . . . . 2 5 3 . . 17 Melee 8 | . . . . . 1 . . . . . . . . 1 . . . . 6 Guns 4 | . 4 . . . . . . . . . . . . . . . . . . Cannons 24 | . 2 . . . 4 4 1 . . . . . . 1 2 2 . . 8 AOE 13 | . . 3 . . 3 . . . . . . . . . 3 1 . . 3 Classes Destroyed 15 | 3 3 1 . . 2 . . . . . . . . 1 1 . . . 4 Worker 2 | 1 . . . . . . . . . . . . . . . . . . 1 Builder 7 | . 1 . . . . . 3 . . . . . . . 1 2 . . . Tunneler 3 | 3 . . . . . . . . . . . . . . . . . . . Hauler 5 | . 2 . . . . 1 . . . . . . . . . 1 . . 1 Recycler 4 | 1 . . . . . . 1 . . . . . . . . 2 . . . Drone 1 | . . . . . . . . . . . . . . 1 . . . . . Watcher 2 | . . . . . 1 1 . . . . . . . . . . . . . Swarmer 13 | . . 3 . . 4 . . . . . . . . 1 . . . . 5 Grunt 17 | . 6 . . . 2 . . . . . . . . . 3 2 . . 4 Brawler 1 | . . . . . . . . . . . . . . . . . . . 1 Sentry 9 | . . . . . 2 4 1 . . . . . . . 1 1 . . . Specialist 3 | . . . . . . . . . . . . . . . . . . . 3 Hunter 1 | . . . . . . . . . . . . . . . . . . . 1 Programmer 2 | . . . . . . . . . . . . . . . . . . . 2 Heavy 2 | . . . . . . . . . . . . . . . 1 . . . 1 Enhanced Grunt 5 | . . . . . . . . . . . . . . . . . . . 5 Best Kill Streak 5 | 3 4 3 . . 4 2 2 . . . . . . 1 4 5 . . 5 Combat Bots Only 5 | . 4 3 . . 4 2 1 . . . . . . 1 4 2 . . 5 Max Kills in Single Turn 5 | 1 1 3 . . 2 1 1 . . . . . . 1 2 5 . . 2 Gunslinging . | . . . . . . . . . . . . . . . . . . . . Exploded 3 | . . 3 . . 2 . . . . . . . . . 2 1 . . 1 Melee 1 | . . . . . 1 . . . . . . . . 1 . . . . 1 Uniques/NPCs Destroyed . | . . . . . . . . . . . . . . . . . . . . Combat | -11 -10 -10 -10 -9 -8 -8 -8 -6 -6 -6 -6 -6 -6 -5 -5 -5 -5 -5 -5 -------- Run | Yrd Mat Min Exi Min Mat Sto Rec Fac Was Fac Low Low Dat Pro Fac Ext Cet Arc Hub Hostile Shots Fired 425 | . 42 3 . . 21 27 4 . . . . . . 12 2 24 . . 290 Missed 102 | . 8 . . . 7 10 2 . . . . . . 3 1 8 . . 63 Hits 323 | . 34 3 . . 14 17 2 . . . . . . 9 1 16 . . 227 Projectile 323 | . 34 3 . . 14 17 2 . . . . . . 9 1 16 . . 227 AOE 1 | . . . . . . . . . . . . 1 . . . . . . . Critical Strikes 9 | . 1 . . . . . . . . . . . . . . 1 1 . 6 Part Disruptions 1 | . 1 . . . . . . . . . . . . . . . . . . Damage Taken 6247 | . 455 33 . . 219 253 33 . . 18 18 66 . 187 179 360 39 . 4387 Core 1252 | . 126 10 . . 46 30 . . . . . . . 39 73 50 . . 878 Absorbed by Shields 110 | . . . . . . . . . . . . . . . . 110 . . . Ignored by Resistances 276 | . . . . . . . . . . . . . . . . . . . 276 Regen/Repaired (Parts) 459 | . . . . . . . . 222 6 9 . 15 . 57 73 77 . . . Core Remaining (%) 81 | 100 . . . 45 . . 86 . . . . . . 95 . . . . . Volleys Fired 208 | 28 36 1 . . 12 24 19 . . . 1 . . 5 10 13 7 5 47 Largest 2 | 1 2 1 . . 2 1 1 . . . 1 . . 2 2 2 2 1 2 Hottest 100 | 20 100 30 . . 60 50 50 . . . 50 . . 93 93 93 93 50 93 Shots Fired 249 | 28 63 1 . . 14 24 19 . . . 1 . . 6 15 15 10 5 48 Gun 64 | 28 36 . . . . . . . . . . . . . . . . . . Cannon 158 | . 25 . . . 10 24 19 . . . 1 . . 5 10 11 5 5 43 Launcher 20 | . . 1 . . 4 . . . . . . . . 1 5 2 3 . 4 Special 7 | . 2 . . . . . . . . . . . . . . 2 2 . 1 Kinetic 206 | 28 45 . . . 10 24 19 . . . 1 . . 5 10 11 5 5 43 Thermal 2 | . 2 . . . . . . . . . . . . . . . . . . Explosive 20 | . . 1 . . 4 . . . . . . . . 1 5 2 3 . 4 Electromagnetic 16 | . 16 . . . . . . . . . . . . . . . . . . Robot Hit Streak 11 | 3 6 . . . 8 11 8 . . . 1 . . 3 5 6 3 6 7 Robot Miss Streak 8 | 4 8 . . . 1 2 3 . . . . . . 1 1 1 2 1 3 Penetration Max 1 | . . . . . . 1 . . . . . . . . . . . . . Secondary Targets . | . . . . . . . . . . . . . . . . . . . . Shots Hit Robots 180 | 14 32 . . . 9 18 10 . . 1 1 2 . 4 10 17 7 4 51 Core Hits 116 | 6 13 4 . . 12 6 4 . . . . . . 3 12 12 10 . 34 Critical Kills 1 | . 1 . . . . . . . . . . . . . . . . . . Critical Parts Destroyed . | . . . . . . . . . . . . . . . . . . . . Critical Strikes 23 | . 1 . . . 1 3 1 . . . . . . . . 3 1 . 13 Destroy 1 | . 1 . . . . . . . . . . . . . . . . . . Blast 14 | . . . . . 1 3 1 . . . . . . . . 2 1 . 6 Sever 8 | . . . . . . . . . . . . . . . . 1 . . 7 Melee Attacks 58 | . . . . . 3 . . . . 2 . 3 . 2 6 9 . . 33 Impact . | . . . . . . . . . . . . . . . . . . . . Slashing 58 | . . . . . 3 . . . . 2 . 3 . 2 6 9 . . 33 Piercing . | . . . . . . . . . . . . . . . . . . . . Sneak Attacks 9 | . . . . . . . . . . 1 . . . 1 2 3 . . 2 Combat Hostiles 1 | . . . . . . . . . . . . . . 1 . . . . . Follow-up Attacks . | . . . . . . . . . . . . . . . . . . . . Damage Inflicted 9473 | 212 478 82 . . 605 934 599 . . 70 58 77 . 291 928 1248 481 140 3270 Guns 513 | 212 301 . . . . . . . . . . . . . . . . . . Cannons 4876 | . 177 . . . 436 934 599 . . . 58 . . 167 321 431 155 140 1458 Explosions 2424 | . . 82 . . 133 . . . . . . . . 30 457 468 326 . 928 Melee 1660 | . . . . . 36 . . . . 70 . 77 . 94 150 349 . . 884 Ramming . | . . . . . . . . . . . . . . . . . . . . Kinetic 5246 | 212 335 . . . 436 934 599 . . . 58 . . 167 321 431 155 140 1458 Thermal . | . . . . . . . . . . . . . . . . . . . . Explosive 1786 | . . 82 . . 133 . . . . . . . . 30 457 468 326 . 290 Electromagnetic 781 | . 143 . . . . . . . . . . . . . . . . . 638 Impact . | . . . . . . . . . . . . . . . . . . . . Slashing 1660 | . . . . . 36 . . . . 70 . 77 . 94 150 349 . . 884 Piercing . | . . . . . . . . . . . . . . . . . . . . Highest Corruption 7 | . . . . . . . . . . . . . . . . . . . 7 Average Corruption 5 | . . . . . . . . . . . . . . . . . . . 5 Corruption Purged . | . . . . . . . . . . . . . . . . . . . . Corruption Blocked . | . . . . . . . . . . . . . . . . . . . . Effects 20 | . . . . . . . . . . . . . . . . . . . 20 Message Errors 2 | . . . . . . . . . . . . . . . . . . . 2 Matter Fused 5 | . . . . . . . . . . . . . . . . . . . 5 Heat Flow Errors 4 | . . . . . . . . . . . . . . . . . . . 4 Energy Discharges 4 | . . . . . . . . . . . . . . . . . . . 4 Data Loss (minor) 1 | . . . . . . . . . . . . . . . . . . . 1 Data Loss (major) 2 | . . . . . . . . . . . . . . . . . . . 2 Alerts 2 | . . . . . . . . . . . . . . . . . . . 2 Overload Shots . | . . . . . . . . . . . . . . . . . . . . Overflow Damage 407 | . . . . . . 43 33 . . 20 27 16 . 9 57 50 20 . 132 Projectiles 259 | . . . . . . 43 33 . . . 27 . . 9 . 31 . . 116 Explosions 62 | . . . . . . . . . . . . . . . 23 19 20 . . Melee 86 | . . . . . . . . . . 20 . 16 . . 34 . . . 16 Knockbacks 21 | . 2 . . . 2 3 3 . . . 1 . . . . . . . 10 Impact . | . . . . . . . . . . . . . . . . . . . . Kinetic 19 | . 2 . . . 1 3 3 . . . 1 . . . . . . . 9 Secondary 2 | . . . . . 1 . . . . . . . . . . . . . 1 Self-Inflicted Damage 456 | . 16 9 . . 34 . . . . . . . . . 33 . . . 364 Shots 9 | . 1 1 . . 1 . . . . . . . . . 1 . . . 5 Rammed . | . . . . . . . . . . . . . . . . . . . . Targets Rammed . | . . . . . . . . . . . . . . . . . . . . Kicked . | . . . . . . . . . . . . . . . . . . . . Crushed . | . . . . . . . . . . . . . . . . . . . . Highest Temperature 512 | . 204 . . . 15 65 29 . . . 10 . . 49 92 67 102 75 512 Average Temperature 80 | . 65 . . . 8 28 13 . . . 7 . . 22 33 28 33 35 183 Received Heat Transfer 1480 | . 261 . . . 54 90 9 . . . . 12 . 72 . 70 36 . 876 Effects 16 | . . . . . . . . . . . . . . . . . . . 16 Shutdowns 8 | . . . . . . . . . . . . . . . . . . . 8 Energy Bleed 2 | . . . . . . . . . . . . . . . . . . . 2 Interference 2 | . . . . . . . . . . . . . . . . . . . 2 Matter Decay 1 | . . . . . . . . . . . . . . . . . . . 1 Short Circuit 1 | . . . . . . . . . . . . . . . . . . . 1 Damage (minor) 1 | . . . . . . . . . . . . . . . . . . . 1 Damage (core) 1 | . . . . . . . . . . . . . . . . . . . 1 Siege Activations . | . . . . . . . . . . . . . . . . . . . . Martial Activations . | . . . . . . . . . . . . . . . . . . . . Shielding Activations . | . . . . . . . . . . . . . . . . . . . . Robots Disrupted . | . . . . . . . . . . . . . . . . . . . . Combat Hostiles . | . . . . . . . . . . . . . . . . . . . . Robots Corrupted 4 | . . . . . . . . . . . . . . . . . . . 4 Combat Hostiles . | . . . . . . . . . . . . . . . . . . . . Parts Fried 9 | . . . . . . . . . . . . . . . . . . . 9 Impact Corruptions . | . . . . . . . . . . . . . . . . . . . . Robots Melted . | . . . . . . . . . . . . . . . . . . . . Combat Hostiles . | . . . . . . . . . . . . . . . . . . . . Parts Melted . | . . . . . . . . . . . . . . . . . . . . Heat Transferred . | . . . . . . . . . . . . . . . . . . . . Parts Sabotaged . | . . . . . . . . . . . . . . . . . . . . Parts Stolen . | . . . . . . . . . . . . . . . . . . . . Parts Stripped . | . . . . . . . . . . . . . . . . . . . . Power Chain Reactions . | . . . . . . . . . . . . . . . . . . . . Alert | -11 -10 -10 -10 -9 -8 -8 -8 -6 -6 -6 -6 -6 -6 -5 -5 -5 -5 -5 -5 ------- Run | Yrd Mat Min Exi Min Mat Sto Rec Fac Was Fac Low Low Dat Pro Fac Ext Cet Arc Hub Maximum Alert Level 4 | . . . . . . . . . . 1 . . . . 3 2 2 1 4 Low Security (%) 54 | 100 100 100 . 100 100 100 100 100 100 90 . . . . . . . . 10 Level 1 15 | . . . . . . . . . . 9 . . . . . 89 11 100 2 Level 2 12 | . . . . . . . . . . . . . . . 20 10 88 . 9 Level 3 7 | . . . . . . . . . . . . . . . 79 . . . 22 Level 4 9 | . . . . . . . . . . . . . . . . . . . 54 Level 5 . | . . . . . . . . . . . . . . . . . . . . High Security . | . . . . . . . . . . . . . . . . . . . . Max Security . | . . . . . . . . . . . . . . . . . . . . Peak Influence 1530 | 10 115 82 . . 154 68 22 5 . 393 . . . . 782 650 645 347 1530 Initial 524 | . . 7 . . . 43 . . . . . . . . 524 349 352 210 96 Average 323 | 1 38 67 . . 37 17 2 . . 124 . . . . 697 338 501 302 1015 Influence Increases 7380 | 25 219 75 . . 281 173 53 7 . 571 580 240 . 779 770 683 567 257 2100 Destroy 0b10 Robot/C 2520 | . 120 60 . . 160 80 20 . . 160 280 100 . 340 140 260 200 80 520 Destroy 0b10 Robot/NC 195 | 25 15 . . . 5 10 20 . . 5 . . . 10 5 35 10 20 35 Destroy Leader 420 | . 24 10 . . 42 44 . . . 50 10 20 . 40 40 32 10 . 98 Allied During Kill 2028 | . . . . . . . . . . 215 290 120 . 389 138 283 220 100 273 Successful Hack 71 | . 14 . . . 19 . . 7 . . . . . . . 10 7 . 14 Disable Machine 660 | . 45 . . . 15 30 . . . 90 . . . . 15 15 . 45 405 Anti-Garrison Action 200 | . . . . . . . . . . . . . . . . . . . 200 Destroy Structure 926 | . 1 5 . . 25 9 13 . . 51 . . . . 132 48 120 12 510 Advance Influence 300 | . . . . . . . . . . . . . . . 300 . . . . Partial Spotted 15 | . . . . . . . . . . . . . . . . . . . 15 Lose Combat Pursuer 45 | . . . . . 15 . . . . . . . . . . . . . 30 Influence Decreases 5892 | 25 198 44 52 . 177 277 53 7 . 214 561 398 218 422 413 767 672 505 889 Entered New Map 1822 | . . 14 52 . . 61 . . . . 133 72 218 . 133 365 278 315 181 Time Decay 3490 | 25 198 30 . . 177 216 53 7 . 194 428 286 . 422 170 362 334 110 478 Lost Part 160 | . . . . . . . . . . . . . . . 10 . . . 150 Lost Ally 420 | . . . . . . . . . . 20 . 40 . . 100 40 60 80 80 Squads Dispatched 21 | . 1 . . . 1 . . . . 3 . . . . 2 . 1 . 13 Investigation 4 | . . . . . 1 . . . . 1 . . . . . . 1 . 1 Extermination 2 | . . . . . . . . . . 1 . . . . . . . . 1 Reinforcement 8 | . 1 . . . . . . . . 1 . . . . 1 . . . 5 Assault 7 | . . . . . . . . . . . . . . . 1 . . . 6 Garrison . | . . . . . . . . . . . . . . . . . . . . Intercept . | . . . . . . . . . . . . . . . . . . . . Searches Triggered . | . . . . . . . . . . . . . . . . . . . . Data Miner Redirects 3 | . . . . . . . . . . . . . . . . . . . 3 Construction Impeded 1 | . . . . . . . . . . 1 . . . . . . . . . Haulers Reinforced 1 | . . . . . . . . . . . . . . . . . . . 1 Active Scanning Responses . | . . . . . . . . . . . . . . . . . . . . Cargo Convoy Interrupts . | . . . . . . . . . . . . . . . . . . . . Stealth | -11 -10 -10 -10 -9 -8 -8 -8 -6 -6 -6 -6 -6 -6 -5 -5 -5 -5 -5 -5 --------- Run | Yrd Mat Min Exi Min Mat Sto Rec Fac Was Fac Low Low Dat Pro Fac Ext Cet Arc Hub Distress Signals 6 | . 1 . . . . 1 1 . . . . . . . 1 1 1 . . Communications Jammed 20 | . . . . . . . . . . . . . . . . 2 . . 18 Distress Signals 20 | . . . . . . . . . . . . . . . . 2 . . 18 Times Spotted 136 | . 13 3 . . 9 5 1 . . 2 9 4 . 9 8 17 15 2 39 Peak Tracking Total 7 | . 6 3 . . 3 2 1 . . 1 3 3 . 4 3 2 5 2 7 Tactical Retreats 4 | . . . . . 1 . . . . . . . . . . . 1 . 2 ECM-based Alert Blocks 2 | . . . . . . . . . . . . . . . . . 1 . 1 Traps | -11 -10 -10 -10 -9 -8 -8 -8 -6 -6 -6 -6 -6 -6 -5 -5 -5 -5 -5 -5 ------- Run | Yrd Mat Min Exi Min Mat Sto Rec Fac Was Fac Low Low Dat Pro Fac Ext Cet Arc Hub Traps Triggered 4 | . 1 . . . 1 . . 1 . . . . . . . . . . 1 Indirectly 1 | . 1 . . . . . . . . . . . . . . . . . . Trap Hack Attempts . | . . . . . . . . . . . . . . . . . . . . Triggered . | . . . . . . . . . . . . . . . . . . . . Disarmed 11 | . 1 . . . . 6 . 4 . . . . . . . . . . . Reprogrammed . | . . . . . . . . . . . . . . . . . . . . Reused . | . . . . . . . . . . . . . . . . . . . . Traps Extracted . | . . . . . . . . . . . . . . . . . . . . Installed . | . . . . . . . . . . . . . . . . . . . . Triggered . | . . . . . . . . . . . . . . . . . . . . Machines | -11 -10 -10 -10 -9 -8 -8 -8 -6 -6 -6 -6 -6 -6 -5 -5 -5 -5 -5 -5 ---------- Run | Yrd Mat Min Exi Min Mat Sto Rec Fac Was Fac Low Low Dat Pro Fac Ext Cet Arc Hub Machines Disabled 47 | . 3 . . . 1 2 . . . 6 2 . . . 1 2 . 3 27 Max in Single Turn 10 | . 1 . . . 1 1 . . . 1 . . . . 1 1 . . 10 Garrison Access 2 | . . . . . . . . . . . . . . . . . . . 2 Network Hub 2 | . . . . . . . . . . . . . . . . . . . 2 Machines Repaired . | . . . . . . . . . . . . . . . . . . . . Machines Dismantled . | . . . . . . . . . . . . . . . . . . . . Machines Sabotaged . | . . . . . . . . . . . . . . . . . . . . Overloaded Fab Kills . | . . . . . . . . . . . . . . . . . . . . Hacking | -11 -10 -10 -10 -9 -8 -8 -8 -6 -6 -6 -6 -6 -6 -5 -5 -5 -5 -5 -5 --------- Run | Yrd Mat Min Exi Min Mat Sto Rec Fac Was Fac Low Low Dat Pro Fac Ext Cet Arc Hub Machines Accessed 30 | . 4 . 2 . 3 1 1 2 . 1 . . 4 . 1 1 3 1 6 Terminals 18 | . 3 . . . 2 1 1 1 . 1 . . . . 1 1 3 . 4 Fabricators . | . . . . . . . . . . . . . . . . . . . . Repair Stations 1 | . . . . . . . . 1 . . . . . . . . . . . Recycling Units 1 | . 1 . . . . . . . . . . . . . . . . . . Scanalyzers 1 | . . . . . 1 . . . . . . . . . . . . . . Garrison Access 2 | . . . . . . . . . . . . . . . . . . . 2 Total Hacks 114 | . 11 . 2 . 9 2 3 9 . 2 . . 30 . 1 3 7 25 10 Successful 82 | . 6 . 2 . 4 1 . 4 . . . . 30 . 1 3 3 25 3 Failed 31 | . 5 . . . 4 1 3 5 . 2 . . . . . . 4 . 7 Catastrophic 5 | . . . . . . . . . . 1 . . . . . . 1 . 3 Database Lockouts 1 | . . . . . 1 . . . . . . . . . . . . . . Manual 39 | . 8 . 1 . 5 5 3 5 . 2 . . . . . 1 3 . 6 Terminals 44 | . 10 . . . 7 2 3 5 . 2 . . . . 1 3 7 . 4 Fabricators . | . . . . . . . . . . . . . . . . . . . . Repair Stations 4 | . . . . . . . . 4 . . . . . . . . . . . Recycling Units 1 | . 1 . . . . . . . . . . . . . . . . . . Scanalyzers 2 | . . . . . 2 . . . . . . . . . . . . . . Garrison Access 6 | . . . . . . . . . . . . . . . . . . . 6 Terminal Hacks 70 | . 3 . 2 . 1 1 . 1 . . . . 30 . 1 3 3 25 . Record 43 | . . . 1 . . . . . . . . . 11 . . 3 3 25 . Part Schematic 11 | . . . . . . . . . . . . . 11 . . . . . . Robot Schematic 5 | . . . . . . . . . . . . . 5 . . . . . . Robot Analysis 2 | . 2 . . . . . . . . . . . . . . . . . . Prototype ID Bank 4 | . . . . . 1 . . . . . . . 3 . . . . . . Open Door 1 | . . . . . . . . . . . . . . . 1 . . . . Disarm Traps 3 | . 1 . . . . 1 . 1 . . . . . . . . . . . Proto ID Catalog 1 | . . . 1 . . . . . . . . . . . . . . . . Fabricator Hacks . | . . . . . . . . . . . . . . . . . . . . Repair Station Hacks 2 | . . . . . . . . 2 . . . . . . . . . . . Scan Component 1 | . . . . . . . . 1 . . . . . . . . . . . Repair 1 | . . . . . . . . 1 . . . . . . . . . . . Recycling Unit Hacks . | . . . . . . . . . . . . . . . . . . . . Scanalyzer 2 | . . . . . 2 . . . . . . . . . . . . . . Retrieve Study 2 | . . . . . 2 . . . . . . . . . . . . . . Garrison Access Hacks 1 | . . . . . . . . . . . . . . . . . . . 1 Seal Access 1 | . . . . . . . . . . . . . . . . . . . 1 Unauthorized Hacks 7 | . 3 . . . 1 . . 1 . . . . . . . . . . 2 Terminals 5 | . 2 . . . 1 . . 1 . . . . . . . . . . 1 Botnet 5 | . 2 . . . 1 . . 1 . . . . . . . . . . 1 Fabricators . | . . . . . . . . . . . . . . . . . . . . Repair Stations . | . . . . . . . . . . . . . . . . . . . . Recycling Units 1 | . 1 . . . . . . . . . . . . . . . . . . Reject 1 | . 1 . . . . . . . . . . . . . . . . . . Scanalyzers . | . . . . . . . . . . . . . . . . . . . . Garrison Access 1 | . . . . . . . . . . . . . . . . . . . 1 Jam 1 | . . . . . . . . . . . . . . . . . . . 1 Data Cores Recovered . | . . . . . . . . . . . . . . . . . . . . Used . | . . . . . . . . . . . . . . . . . . . . Hacking Detections 17 | . 3 . . . 1 1 1 2 . 1 . . . . . . 4 . 4 Full Trace Events 2 | . . . . . . . . . . 1 . . . . . . 1 . . Feedback Events . | . . . . . . . . . . . . . . . . . . . . Feedback Blocked . | . . . . . . . . . . . . . . . . . . . . Robot Schematics Acquired 5 | . . . . . . . . . . . . . 5 . . . . . . Robots Built . | . . . . . . . . . . . . . . . . . . . . Authchips . | . . . . . . . . . . . . . . . . . . . . Time . | . . . . . . . . . . . . . . . . . . . . Total Robot Build Rating . | . . . . . . . . . . . . . . . . . . . . Part Schematics Acquired 11 | . . . . . . . . . . . . . 11 . . . . . . Parts Built . | . . . . . . . . . . . . . . . . . . . . Authchips . | . . . . . . . . . . . . . . . . . . . . Time . | . . . . . . . . . . . . . . . . . . . . Total Part Build Rating . | . . . . . . . . . . . . . . . . . . . . Part Studies Acquired 2 | . . . . . 2 . . . . . . . . . . . . . . Parts Repaired 1 | . . . . . . . . 1 . . . . . . . . . . . Time 38 | . . . . . . . . 38 . . . . . . . . . . . Parts Recycled . | . . . . . . . . . . . . . . . . . . . . Recycled Matter . | . . . . . . . . . . . . . . . . . . . . Retrieved Matter . | . . . . . . . . . . . . . . . . . . . . Retrieved Components . | . . . . . . . . . . . . . . . . . . . . Parts Scanalyzed . | . . . . . . . . . . . . . . . . . . . . Part Schematics Acquired . | . . . . . . . . . . . . . . . . . . . . Parts Damaged . | . . . . . . . . . . . . . . . . . . . . Bothacking | -11 -10 -10 -10 -9 -8 -8 -8 -6 -6 -6 -6 -6 -6 -5 -5 -5 -5 -5 -5 ------------ Run | Yrd Mat Min Exi Min Mat Sto Rec Fac Was Fac Low Low Dat Pro Fac Ext Cet Arc Hub Used RIF Installer . | . . . . . . . . . . . . . . . . . . . . Robots Hacked . | . . . . . . . . . . . . . . . . . . . . Non-combat . | . . . . . . . . . . . . . . . . . . . . Combat . | . . . . . . . . . . . . . . . . . . . . Robot Hacks Applied . | . . . . . . . . . . . . . . . . . . . . Relay Couplers Released . | . . . . . . . . . . . . . . . . . . . . Fabnet Peak Effective % . | . . . . . . . . . . . . . . . . . . . . Robots Rewired 8 | . . . . . . . . . . . . . . . . 8 . . . Allies Hacked 1 | . . . . . . . . . . 1 . . . . . . . . . Hacks Repelled . | . . . . . . . . . . . . . . . . . . . . Allies | -11 -10 -10 -10 -9 -8 -8 -8 -6 -6 -6 -6 -6 -6 -5 -5 -5 -5 -5 -5 -------- Run | Yrd Mat Min Exi Min Mat Sto Rec Fac Was Fac Low Low Dat Pro Fac Ext Cet Arc Hub Total Allies 40 | . . . . . . . . . 20 . . . . . . 12 7 . 1 Largest Group 20 | . . . . . . . . . 20 20 14 14 11 11 10 14 15 15 10 Highest-Rated Group 994 | . . . . . . . . . 758 758 564 558 456 456 400 612 994 994 732 Highest-Rated Ally 159 | . . . . . . . . . 50 50 50 50 50 50 46 159 159 150 96 Total Orders . | . . . . . . . . . . . . . . . . . . . . Ally Attacks 473 | . . . . . . . . . . 38 53 40 . 63 33 50 79 56 61 Total Damage 15728 | . . . . . . . . . . 1764 3017 890 . 2307 535 1577 2208 1551 1879 Kills 109 | . . . . . . . . . . 13 18 8 . 18 2 13 14 8 15 Allies Corrupted 6 | . . . . . . . . . . 1 . . . . . . . . 5 Allies Melted . | . . . . . . . . . . . . . . . . . . . . Field Lobotomies 5 | . . . . . . . . . . . . . . . . 2 2 . 1 Intel | -11 -10 -10 -10 -9 -8 -8 -8 -6 -6 -6 -6 -6 -6 -5 -5 -5 -5 -5 -5 ------- Run | Yrd Mat Min Exi Min Mat Sto Rec Fac Was Fac Low Low Dat Pro Fac Ext Cet Arc Hub Active Infowar (turns) 10923 | 56 550 68 866 34 885 611 542 366 126 554 1049 631 152 1038 340 830 751 236 1238 Optics 7020 | . . . . . . . . 365 126 548 1049 631 152 1038 340 830 751 236 954 Sensors 8699 | . . . . . 882 611 542 366 126 554 1049 631 152 1038 340 830 751 236 591 Structural 6136 | . . . . . 885 611 542 366 126 554 1049 631 152 1038 136 . . . 46 Seismic 1576 | 56 550 68 866 34 2 . . . . . . . . . . . . . . Jamming 3395 | . . . . . . . . . . . . . . . 340 830 751 236 1238 ECM 2708 | . . . . . . . . . . . . . . . 108 830 751 236 783 Robot Analysis Total 2 | . 2 . . . . . . . . . . . . . . . . . . Derelict Logs Recovered 5 | . . . . 1 . . . . . . 2 1 . 1 . . . . . Drone Launches . | . . . . . . . . . . . . . . . . . . . . Drone Recoveries . | . . . . . . . . . . . . . . . . . . . . Exploration | -11 -10 -10 -10 -9 -8 -8 -8 -6 -6 -6 -6 -6 -6 -5 -5 -5 -5 -5 -5 ------------- Run | Yrd Mat Min Exi Min Mat Sto Rec Fac Was Fac Low Low Dat Pro Fac Ext Cet Arc Hub Turns Passed 11041 | 174 550 68 866 34 885 611 542 366 126 554 1049 631 152 1038 340 830 751 236 1238 Spaces Moved 6033 | 94 372 40 540 20 441 313 303 192 67 318 647 389 85 622 170 359 407 133 521 Core 14 | 14 . . . . . . . . . . . . . . . . . . . Treads 5595 | . 28 40 540 20 441 313 303 192 67 318 647 389 85 622 170 359 407 133 521 Legs 322 | 80 242 . . . . . . . . . . . . . . . . . . Wheels 102 | . 102 . . . . . . . . . . . . . . . . . . Hover . | . . . . . . . . . . . . . . . . . . . . Flight . | . . . . . . . . . . . . . . . . . . . . Fastest Speed 50 | 50 80 160 160 160 160 160 160 162 162 158 158 158 158 158 158 158 160 160 158 Average Speed 155 | 109 112 160 160 160 160 160 160 162 162 159 158 158 158 158 158 158 162 160 159 Slowest Speed 240 | 120 160 160 160 160 160 160 160 162 162 162 158 158 158 158 237 160 240 160 160 Overloaded Moves . | . . . . . . . . . . . . . . . . . . . . Propulsion Burnouts . | . . . . . . . . . . . . . . . . . . . . Robots Hopped . | . . . . . . . . . . . . . . . . . . . . Potential Cave-ins . | . . . . . . . . . . . . . . . . . . . . Cave-ins Triggered . | . . . . . . . . . . . . . . . . . . . . Exploration Rate (%) 47 | 5 49 11 89 11 17 28 50 7 66 14 87 61 74 73 8 60 78 94 63 Regions Visited 19 Branch Regions 13 Pre-discovered Areas 2 | . . . 1 . . . . . . . . . 1 . . . . . . Known Exits Taken 12 | . . . . . 1 1 1 . . 1 1 1 1 1 1 1 1 1 . Unknown Exits Taken 5 | 1 1 1 1 1 . . . . . . . . . . . . . . . Scrap Searched 10 | . . . . 1 . . . . . . 1 7 . 1 . . . . . Spaces Dug 34 | . . . . . 22 2 . . . . . . . . 3 2 . . 5 Terrain Destroyed 635 | . . 5 . . 25 11 13 . . . . . . 8 79 29 65 1 399 Melee 9 | . . . . . . . . . . . . . . . 2 2 . . 5 Projectile 53 | . . . . . 3 11 13 . . . . . . 1 2 4 3 1 15 AOE 573 | . . 5 . . 22 . . . . . . . . 7 75 23 62 . 379 Terrain Rammed . | . . . . . . . . . . . . . . . . . . . . Walls Destroyed . | . . . . . . . . . . . . . . . . . . . . Machines Disabled . | . . . . . . . . . . . . . . . . . . . . Actions | -11 -10 -10 -10 -9 -8 -8 -8 -6 -6 -6 -6 -6 -6 -5 -5 -5 -5 -5 -5 --------- Run | Yrd Mat Min Exi Min Mat Sto Rec Fac Was Fac Low Low Dat Pro Fac Ext Cet Arc Hub Total 7274 | 133 437 42 543 22 600 389 335 249 85 366 672 401 103 669 210 587 477 149 805 Wait 625 | . 5 . . 3 109 37 8 45 19 30 25 10 19 34 13 57 21 12 178 Move 6015 | 93 371 39 539 19 440 312 302 192 66 317 646 388 84 621 169 358 406 132 521 Hop . | . . . . . . . . . . . . . . . . . . . . Pick Up 58 | 4 8 . 1 . 8 8 3 4 . 6 . . . 2 2 3 3 . 6 Fast Attach 21 | 7 1 . . . 4 . . . . 2 . . . . 1 1 3 . 2 Attach 28 | . . . . . 6 . . 5 . . . . . . 3 1 . . 13 Detach 11 | . . . . . 4 . . 1 . 1 . . . . 2 2 . . 1 Swap 61 | 1 10 2 1 . 4 4 . 1 . 1 . . . 2 3 7 23 . 2 Drop 58 | . 6 . 2 . 10 4 3 1 . 7 . . . 3 1 5 14 . 2 Fire 208 | 28 36 1 . . 12 24 19 . . . 1 . . 5 10 13 7 5 47 Melee 58 | . . . . . 3 . . . . 2 . 3 . 2 6 9 . . 33 Ram . | . . . . . . . . . . . . . . . . . . . . Kick . | . . . . . . . . . . . . . . . . . . . . Crush . | . . . . . . . . . . . . . . . . . . . . Escape Stasis . | . . . . . . . . . . . . . . . . . . . . Rewire 131 | . . . . . . . . . . . . . . . . 131 . . . Trap . | . . . . . . . . . . . . . . . . . . . . Miscellaneous . | . . . . . . . . . . . . . . . . . . . . Route ------- -11/Scrapyard -10/Materials (discovered 2 exits: [*Mat] / [*Min]) -10/Mines (discovered 2 exits: *Exi / [*Sub]) -10/Exiles -9/Mines -8/Materials (discovered 2 exits: Fac / *Sto) -8/Storage -8/Recycling -6/Factory -6/Waste -6/Factory (discovered 2 exits: *Fac / *Low) -6/Lower Caves -6/Lower Caves -6/Data Miner -5/Proximity Caves -5/Factory (discovered 2 exits: *Ext x2) -5/Extension (discovered 2 exits: *Fac / *Cet) -5/Cetus (discovered 3 exits: *Fac x2 / *Arc) -5/Archives (discovered 3 exits: *Fac / *Hub x2) -5/Hub_04(d) (discovered 1 exit: *Fac) History --------- Turn | Location | Event 5 | -11/Scrapyard | Discovered new exit (range 16) 175 | -11/Scrapyard | Entered Materials 308 | -10/Materials | Build established: Mutant 501 | -10/Materials | Discovered new exit (range 15) 554 | -10/Materials | Core integrity fell below 50% 624 | -10/Materials | Discovered new exit (range 12) 725 | -10/Materials | Entered Mines 729 | -10/Mines | Met a Derelict bent on vengeance 761 | -10/Mines | Discovered new exit (range 3) 785 | -10/Mines | Deemed a non-threat by the Exiles lab entrance 786 | -10/Mines | Discovered new exit (range 5) 793 | -10/Mines | Entered Exiles 837 | -10/Exiles | Met 8R-AWN 859 | -10/Exiles | Met EX-HEX 909 | -10/Exiles | Met EX-BIN 928 | -10/Exiles | Aligned with FarCom system 929 | -10/Exiles | Given EX-Vault access code 968 | -10/Exiles | Opened EX-Vault 981 | -10/Exiles | Found Field Lobotomy Kit 1011 | -10/Exiles | Warned to stay clear of 0b10 Research branches 1056 | -10/Exiles | Met EX-DEC 1065 | -10/Exiles | Learned location of Zion (-7) 1140 | -10/Exiles | Visited The Gauntlet 1382 | -10/Exiles | Discovered new exit (range 12) 1659 | -10/Exiles | Left Exiles lab with Field Lobotomy Kit 1659 | -10/Exiles | Entered Mines 1666 | -9/Mines | Discovered new exit (range 13) 1667 | -9/Mines | Learned location of 1 exit from Materials 1693 | -9/Mines | Entered Materials 1693 | -8/Materials | Evolved 4 slots: Power x1, Propulsion x1, Utility x2 1694 | -8/Materials | Identified exit to Factory 2051 | -8/Materials | Build established: Scavenger-Skirmisher 2206 | -8/Materials | Discovered new exit (range 15) 2377 | -8/Materials | Identified exit to Storage 2484 | -8/Materials | Central database locked down 2578 | -8/Materials | Entered Storage 2825 | -8/Storage | Used back door to open Recycling access 2825 | -8/Storage | Discovered new exit (range 3) 2994 | -8/Storage | Build established: Skirmisher 3187 | -8/Storage | Identified exit to Recycling 3189 | -8/Storage | Entered Recycling 3382 | -8/Recycling | Discovered new exit (range 10) 3729 | -8/Recycling | Identified exit to Factory 3731 | -8/Recycling | Entered Factory 3731 | -6/Factory | Evolved 4 slots: Propulsion x1, Utility x2, Weapon x1 3795 | -6/Factory | Repaired Arm. Treads 4043 | -6/Factory | Build established: Scavenger-Assassin 4097 | -6/Factory | Sucked down chute 4097 | -6/Factory | Entered Waste 4098 | -6/Waste | Joined by Warlord forces that had cleared the area 4191 | -6/Waste | Discovered new exit (range 10) 4204 | -6/Waste | Identified exit to Factory 4223 | -6/Waste | Entered Factory 4223 | -6/Factory | Accompanied by 20 allies 4575 | -6/Factory | Discovered new exit (range 13) 4589 | -6/Factory | Lost 4 allies 4592 | -6/Factory | Identified exit to Factory 4684 | -6/Factory | Build established: Assassin 4736 | -6/Factory | Discovered new exit (range 12) 4753 | -6/Factory | Identified exit to Lower Caves 4777 | -6/Factory | Entered Lower Caves 4777 | -6/Lower Caves | Accompanied by 14 allies 4875 | -6/Lower Caves | Learned Factory garrison access intel 5149 | -6/Lower Caves | Attracted the attention of an 0b10 base 5726 | -6/Lower Caves | Discovered new exit (range 5) 5735 | -6/Lower Caves | Identified exit to Lower Caves 5826 | -6/Lower Caves | Entered another Lower Caves area 5826 | -6/Lower Caves | Accompanied by 14 allies 6281 | -6/Lower Caves | Learned location of 1 exit from Factory 6397 | -6/Lower Caves | Discovered new exit (range 10) 6410 | -6/Lower Caves | Identified exit to Data Miner 6457 | -6/Lower Caves | Entered Data Miner 6457 | -6/Data Miner | Accompanied by 11 allies 6457 | -6/Data Miner | Discovered new exit (range 6) 6478 | -6/Data Miner | Met Data Miner 6519 | -6/Data Miner | Learned location of Section 7 (-2) 6519 | -6/Data Miner | Acquired the access code to Warlord's prototype stash 6552 | -6/Data Miner | Received God Mode back door access code from Data Miner 6589 | -6/Data Miner | Identified exit to Proximity Caves 6609 | -6/Data Miner | Entered Proximity Caves 6609 | -5/Proximity Caves | Accompanied by 11 allies 6790 | -5/Proximity Caves | Spotter reported a threat 6844 | -5/Proximity Caves | Spotter reported a threat 6853 | -5/Proximity Caves | Learned Factory stockpile data 7023 | -5/Proximity Caves | Found DCF Scrap (14 items) 7591 | -5/Proximity Caves | Discovered exit to Factory (range 13) 7647 | -5/Proximity Caves | Entered Factory 7647 | -5/Factory | Accompanied by 10 allies 7647 | -5/Factory | Evolved 2 slots: Power x1, Utility x1 7648 | -5/Factory | Identified exit to Extension 7651 | -5/Factory | Loaded intel: 4 garrison access locations 7825 | -5/Factory | Lost 5 allies 7947 | -5/Factory | First assault squad dispatched 7957 | -5/Factory | Allied Derelicts emerged from ambush trap array 7987 | -5/Factory | Entered Extension 7987 | -5/Extension | Accompanied by 4 allies 8178 | -5/Extension | Build established: Infiltrator-Assassin 8376 | -5/Extension | Rescued a captive Derelict 8519 | -5/Extension | Rescued A7 8568 | -5/Extension | Spotted B-75 Beast 8576 | -5/Extension | Assimilated B-75 Beast with FLK Orb 8584 | -5/Extension | Spotted B-75 Beast 8588 | -5/Extension | Assimilated B-75 Beast with FLK Orb 8742 | -5/Extension | Disrupted transfer network 8749 | -5/Extension | Discovered new exit (range 22) 8750 | -5/Extension | Discovered new exit (range 21) 8788 | -5/Extension | Identified exit to Factory 8791 | -5/Extension | Identified exit to Cetus 8817 | -5/Extension | Entered Cetus 8817 | -5/Cetus | Accompanied by 13 allies (A7) 8822 | -5/Cetus | Acquired a Cetus Manufacturing Module code from A7 8833 | -5/Cetus | Spotted Cetus Guard 8833 | -5/Cetus | Spotted Cetus Guard 8833 | -5/Cetus | Spotted Cetus Guard 8833 | -5/Cetus | Spotted Cetus Guard 8849 | -5/Cetus | Assimilated Cetus Guard with FLK Orb 8852 | -5/Cetus | Allies destroyed Cetus Guard 8852 | -5/Cetus | Allies destroyed Cetus Guard 8858 | -5/Cetus | Allies destroyed Cetus Guard 8932 | -5/Cetus | Build established: Commander-Assassin 8983 | -5/Cetus | Discovered exit to Factory (range 21) 9118 | -5/Cetus | Started Cetus Manufacturing Module 9143 | -5/Cetus | Manufactured an Enhanced Grunt 9162 | -5/Cetus | Discovered new exit (range 22) 9168 | -5/Cetus | Manufactured an Enhanced Grunt 9193 | -5/Cetus | Manufactured an Enhanced Grunt 9211 | -5/Cetus | Identified exit to Archives 9212 | -5/Cetus | Lost 3 allies 9218 | -5/Cetus | Manufactured an Enhanced Grunt 9243 | -5/Cetus | Manufactured an Enhanced Grunt 9245 | -5/Cetus | Spotted Cetus Guard 9255 | -5/Cetus | Spotted Cetus Guard 9256 | -5/Cetus | Spotted Cetus Guard 9256 | -5/Cetus | Spotted Cetus Guard 9266 | -5/Cetus | Allies destroyed Cetus Guard 9266 | -5/Cetus | Assimilated Cetus Guard with FLK Orb 9270 | -5/Cetus | Allies destroyed Cetus Guard 9270 | -5/Cetus | Allies destroyed Cetus Guard 9272 | -5/Cetus | Discovered exit to Factory (range 21) 9289 | -5/Cetus | Met Revision 17 9567 | -5/Cetus | Security sweep announced 9568 | -5/Cetus | Entered Archives 9568 | -5/Archives | Accompanied by 15 allies (A7) 9599 | -5/Archives | Discovered new exit (range 20) 9603 | -5/Archives | Unable to access archive contents 9611 | -5/Archives | Discovered new exit (range 22) 9623 | -5/Archives | Lost 4 allies 9623 | -5/Archives | Unable to access archive contents 9631 | -5/Archives | Discovered exit to Factory (range 21) 9640 | -5/Archives | Unable to access archive contents 9659 | -5/Archives | Unable to access archive contents 9685 | -5/Archives | Unable to access archive contents 9719 | -5/Archives | Identified exit to Hub_04(d) 9804 | -5/Archives | Entered Hub_04(d) 9804 | -5/Hub_04(d) | Accompanied by 10 allies 10104 | -5/Hub_04(d) | First assault squad dispatched 10190 | -5/Hub_04(d) | Lost 4 allies 10360 | -5/Hub_04(d) | Network Hub disabled 10368 | -5/Hub_04(d) | Network Hub disabled 10401 | -5/Hub_04(d) | Lost 4 allies 10566 | -5/Hub_04(d) | Core integrity fell below 50% 10600 | -5/Hub_04(d) | Lost 3 parts (1u2w) 10688 | -5/Hub_04(d) | Build established: Infiltrator-Mutant 10720 | -5/Hub_04(d) | Incoming assault squad redirected 10721 | -5/Hub_04(d) | Incoming assault squad redirected 10725 | -5/Hub_04(d) | Incoming assault squad redirected 10748 | -5/Hub_04(d) | Lost 5 parts (1p1n2u1w) 10832 | -5/Hub_04(d) | Core integrity fell below 20% 10956 | -5/Hub_04(d) | Assimilated X-77 Beamer with FLK Orb 10986 | -5/Hub_04(d) | Lost 3 parts (1p1n1u) 11023 | -5/Hub_04(d) | Discovered exit to Factory (range 9) 11036 | -5/Hub_04(d) | Spotted Lightning 11037 | -5/Hub_04(d) | Spotted Lightning 11042 | -5/Hub_04(d) | Destroyed by Y-64 Sentinel with Wave Gun Last Messages --------------- 10983_ G-50 Soldier destroyed. 10984_ Acquired 67 matter. 10986_ G-50 Soldier Carbon-fiber Leg severed. 10994_ G-50 Soldier destroyed. 10997_ Acquired 64 matter. 11004_ ALERT: Unidentified disturbance in Zone 7Z, assault force dispatched. 11018_ Acquired Hvy. Pick. 11023_ EXIT=FOUND: FACTORY 11024_ T-07 Excavator exits level. 11031_ System corrupted: Heat flow error (+102). 11032_ R-10 Processor exits level. 11035_ Weight Redist. System destroyed. 11035_ Penetrated by Slug. 11038_ Critical hit (Burn: +37). 11038_ Penetrated by Slug. 11038_ EMDS Slug penetrates Wall. 11039_ Penetrated by EMDS Slug. 11040_ EMDS Slug penetrates Wall. 11041_ Penetrated by EMDS Slug. Map ----- +----------------------------------------------------+ | ?????????????????????????????????????????????????? | | ?????????????????????????????????????????????????? | | ?????????????????????????????????????????????????? | | ?????????????????????????????????????????????????? | | ?????????????????????????????????????????????????? | | ?????????????????????????????????????????????????? | | ?????????????????????????????????????????????????? | | ?????????????????????????????????????????????????? | | ?????????????????????????????????????????????????? | | ?????????????????????????????????????????????????? | | ??????????? ???????????????????????????????????? | | ??????????? ???????????????????????????????????? | | ??????????# ??????w????????????????????????????? | | ??????????+ #?""???????????????????????????????? | | ??????????# #?"""??i###????????????????????????? | | ??????????# #?? ?? ###????????????????????????? | | ??????????h #???""? h C???????????????????????? | | ??????????#h #????" #h ????????????????????????? | | ?#????????#C %#????? # ????????????????????????? | | ?# ???????#%=[#??????h# ????????????????????????? | | ##"######## %!#?????? + ###### ???????????? | | % #==%#????? # #############????????#### | | # !!####??### ## ##??########## | | +%! #""##### # ##??# # | | ?? |%!# ### # """ """ ##### """" ]# | | ??? "" ### Y<@/ #####= """" # | | ????? "" ### # + =+**"""" # | | ??##### # % "T #### ### == #####[ """" # | | ??# =% "" #### ### == ##### # | | ?## "" " # % "" / ? + [ ##??# # | | ?#" "" % ####??###/#########??# [ # | | ### "T * # %# / ######### #########??# [ !# | | # "" !%= % + #?????######!/## | | % + == ###############?????????????# =[[ | | [ " " " #?????######?????????????# | | %*# = " # # #????????????????????????# % | | " # #% ^+ #??????????#?gg??????????# * ## | | # ! #= # #?????????# ########## ## | | " # # # *] #?????????# i ## | | ######### # * #?????????+? T " =% ## | | ###???????# # #?????????# "%" % | | ??????????# # [#?????????# #######+## | | ??????????# # #???????????# ##### ## | | ??????????#%= + " #???????????# # """ ## | | ??????????#= # " #???????????# # "## | | ??????????# # " #???????????# [ # "#? | | ??????????# # #???????????# # # % # ##? | | ?????????## ######???#########+ # ## #?? | | ########## ] #???????# # ! # #?? | | = #???????# #! # #?? | +----------------------------------------------------+ Best States ------------- Heat Dissipation 59 Energy Generation 52 Energy Capacity 765 Matter Stores 466 Matter Capacity 550 Sight Range 22 Robot Scan Range 15 Terrain Scan Density 10 ECM Strength 2 Jamming Range 14 Armor Coverage 225 Resistance: KI 20 Evasion (%) 55 Recoil Reduction 4 Item Schematics ----------------- Combat Drone Bay | -6/Data Miner | Free Cld. Gravmag System | -6/Data Miner | Free Lgt. Regenerative Plating | -6/Data Miner | Free Exp. Heat Sink | -6/Data Miner | Free Cld. Plasma Rifle | -6/Data Miner | Free Shield Leg | -6/Data Miner | Free Imp. Point Defense System | -6/Data Miner | Free Phase Gun | -6/Data Miner | Free Imp. Recalibrator | -6/Data Miner | Free Hyp. Mass Driver | -6/Data Miner | Free Com. HERF Cannon | -6/Data Miner | Free Robot Schematics ------------------ Y-54 Guardian | -6/Data Miner | Free X-67 Chaingunner | -6/Data Miner | Free B-48 Gladiator | -6/Data Miner | Free R-10 Processor | -6/Data Miner | Free B-60 Warrior | -6/Data Miner | Free Fabricated ------------ Nothing Repaired ---------- Arm. Treads | 26% | -6/Factory Studied --------- Lgt. Treads | -8/Materials | Hacked Katana | -8/Materials | Hacked Alien Tech Used ----------------- None Achievements -------------- Generalissimo Project G-00 Revising The Future Challenges ------------ None Game ------ Seed UltimateHelicalCalibrator Manual? 0 Play Time 01:30:49 Cumulative 71.4 hours Start 2025.11.08 @ 22:20:25 End 2025.11.08 @ 23:52:17 Sessions 1 Manual Loads 0 Difficulty Rogue Special Mode None Game No. 82 Rogue 82 Adventurer 0 Explorer 0 Win Type - Total 0 Types 0/0/0/0/0/0/0/0/0/0 Lore% 57 Gallery% 38 Achievement% 28 Wizard Run 0 Options --------- Layout 0 ASCII 0 Keyboard 1 Movement Vi Keybinds 0 Fullscreen 2 Font 18/SmallcapsGlow Map View 76x50 Zoom Use 0% Tactical HUD 1 Map Filters NONE Filters NONE Steam 1 RUN: fd69fa11-bca6-48d8-bfcd-a8bb39309606